 Dungeon Crawl Stone Soup version 0.24.0-37-gcf1ca852f1 (webtiles) character file.

Game seed: 11868703817256458643, levelgen mode: deterministic

7947 Iamsoldier the Magician (level 11, -7/84 HPs)
             Began as a Gnoll Skald on Nov 22, 2019.
             Was a High Priest of Okawaru.
             Mangled by a yak (9 damage)
             ... on level 10 of the Dungeon.
             The game lasted 00:33:00 (8695 turns).

Iamsoldier the Magician (Gnoll Skald)               Turns: 8695, Time: 00:33:02

Health: -7/84      AC:  7    Str: 19    XL:     11   Next: 23%
Magic:  5/22       EV: 20    Int: 20    God:    Okawaru [*****.]
Gold:   462        SH:  8    Dex: 15    Spells: 12/25 levels left

rFire    . . .     SeeInvis .   b - +5 morningstar
rCold    . . .     Gourm    .   (no shield)
rNeg     . . .     Faith    .   n - +0 leather armour
rPois    .         Spirit   .   l - +0 helmet
rElec    .         Reflect  +   (no cloak)
rCorr    .         Harm     .   x - +1 pair of gloves
MR       .....                  (no boots)
Stlth    +++.......             E - brooch of Shielding {Reflect SH+8}
HPRegen  1.24/turn              i - +3 ring of evasion
MPRegen  0.18/turn              r - +2 ring of intelligence

@: mighty, regenerating
A: distributed training, fangs 1, strong nose
a: Heroism, Finesse, Renounce Religion


You were on level 10 of the Dungeon.
You worshipped Okawaru.
Okawaru was extremely pleased with you.
You were hungry.

You visited 1 branch of the dungeon, and saw 11 of its levels.

You collected 462 gold pieces.

Inventory:

Hand Weapons
 a - a +0 spear
 b - a +5 morningstar (weapon)
Armour
 l - a +0 helmet (worn)
 n - a +0 leather armour (worn)
 x - a +1 pair of gloves (worn)
Jewellery
 i - a +3 ring of evasion (left hand)
 q - an uncursed ring of see invisible
 r - a +2 ring of intelligence (right hand)
 s - an uncursed ring of resist corrosion
 E - the brooch of Shielding (around neck) {Reflect SH+8}
   (You found it on level 8 of the Dungeon)

   [amulet of reflection]

   It shields you and reflects attacks.
   It affects your SH (+8).
 F - a cursed ring of positive energy {unknown}
 I - an uncursed ring of flight {unknown}
Wands
 j - a wand of polymorph (6)
 o - a wand of scattershot (2)
 t - a wand of digging (11)
 v - a wand of clouds (2)
 z - a wand of random effects (8)
 D - a wand of acid (12)
Scrolls
 c - 4 scrolls of teleportation {unknown}
 f - 8 scrolls of identify
 g - 2 scrolls of fog {unknown}
 h - 3 scrolls of remove curse
 m - a scroll of blinking
 w - a scroll of noise {unknown}
 y - 2 scrolls of enchant weapon {unknown}
 A - a scroll of random uselessness {unknown}
 C - a scroll of fear {unknown}
 G - a scroll of magic mapping
 H - a scroll of vulnerability {unknown}
Potions
 e - 2 potions of curing
 k - a potion of might
 p - a potion of invisibility
 u - a potion of lignification {unknown}
 B - 3 potions of mutation {unknown}
 J - a potion of cancellation {unknown}
 K - a potion of heal wounds {unknown}
Comestibles
 d - 23 rations


   Skills:
 + Level 7.6 Fighting
 + Level 6.0 Short Blades
 + Level 6.0 Long Blades
 + Level 6.0 Axes
 + Level 6.0 Maces & Flails
 + Level 7.6 Polearms
 + Level 6.0 Staves
 + Level 6.0 Slings
 + Level 6.0 Bows
 + Level 6.0 Crossbows
 + Level 6.0 Throwing
 + Level 6.6 Armour
 + Level 7.6 Dodging
 + Level 6.0 Stealth
 + Level 6.0 Shields
 + Level 6.0 Unarmed Combat
 + Level 7.9 Spellcasting
 + Level 4.9 Conjurations
 + Level 4.9 Hexes
 + Level 7.5 Charms
 + Level 4.9 Summonings
 + Level 4.9 Necromancy
 + Level 4.9 Translocations
 + Level 4.9 Transmutations
 + Level 4.9 Fire Magic
 + Level 4.9 Ice Magic
 + Level 4.9 Air Magic
 + Level 4.9 Earth Magic
 + Level 4.9 Poison Magic
 + Level 6.5 Invocations
 + Level 6.0 Evocations


You had 12 spell levels left.
You knew the following spells:

 Your Spells              Type           Power        Failure   Level  Hunger
a - Infusion              Chrm           ####         1%          1    None
b - Shroud of Golubria    Chrm/Tloc      ####..       1%          2    None
c - Spectral Weapon       Hex/Chrm       ####....     2%          3    None
d - Regeneration          Chrm/Necr      ####......   2%          3    None
e - Petrify               Tmut/Erth      ####....     13%         4    ###....

Your spell library contained the following spells:

 Spells                   Type           Power        Failure   Level  Hunger
 Confusing Touch          Hex            ####..       1%          1    None
 Corona                   Hex            ####...      1%          1    None
 Ensorcelled Hibernation  Hex/Ice        ####..       1%          2    None
 Song of Slaying          Chrm           #####...     1%          2    None
 Confuse                  Hex            ####....     3%          3    None
 Dazzling Spray           Conj/Hex       ####..       3%          3    None
 Gell's Gravitas          Tloc           ####......   3%          3    None
 Tukima's Dance           Hex            ####....     3%          3    None
 Metabolic Englaciation   Hex/Ice        ####......   34%         5    #####..
 Yara's Violent Unravell  Hex/Tmut       ####......   34%         5    #####..


Dungeon Overview and Level Annotations

Branches:
Dungeon (11/15)            Temple (0/1) D:6            Lair (0/6) D:10
    Orc: D:9-12

Altars:
Ashenzari
Cheibriados
Elyvilon
Fedhas
Gozag
Okawaru
Trog
Xom
Zin

Shops:
D:6 (

Portals:
Trove: D:10 (give +3 gold dragon scales)

Annotations:
D:11 Snorg


Innate Abilities, Weirdness & Mutations

Your experience applies equally to all skills.
You have very sharp teeth.
Your uncanny sense of smell can sniff out nearby items.


Message History

The yak gores you.
* * * LOW HITPOINT WARNING * * *
The yak gores you!
* * * LOW HITPOINT WARNING * * *
Your shroud bends the yak's attack away!
The crimson imp completely misses you.
Okay, then.
You feel better. The yak barely misses you.
Your shroud bends the yak's attack away!
You block the yak's attack. The crimson imp misses you.
You feel very mighty all of a sudden.
The yak misses you. x2; The yak barely misses you.
The crimson imp barely misses you.
You barely miss the crimson imp.
Your shroud bends the yak's attack away.
The yak closely misses you. The yak gores you!
* * * LOW HITPOINT WARNING * * *
Your shroud falls apart!
The crimson imp blinks!
The yak gores you!
You die...

..........##............#.#.# #.
..........''............#.#.# #.
..........##..............#.####.
...................<.............
..........####Y5..#<..#..##.####.
.............yYy.................
##.......#####.#.........##.###..
#....YY.# #.#########.##.# #..
##.....Y.# #.Y@§..[∩...##.# #..
...%§....# #.YY.....#####.# #..
....)....# #....5...# #.# ##.
.........# #.....[..# #.# ##
##.......# #........# #.#
#[......# #........#####.##
#.......# #...............#
.......... ########..[.....####
........... #............


You could see 3 yaks and a crimson imp.

Vanquished Creatures
  A centaur warrior (D:9)
  A two-headed ogre (D:8)
  A manticore (D:11)
  A troll (D:10)
  A hornet (D:10)
  5 hippogriffs
  A wyvern (D:9)
  Sigmund (D:2)
  2 yaks (D:10)
  A vampire mosquito (D:9)
  An acid dragon (D:9)
  A water moccasin (D:9)
  2 ice beasts (D:9)
  2 orc warriors
  Purgy (D:3)
  A hornet zombie (D:8)
  2 black bears
  A sky beast (D:8)
  7 ogres
  2 centaurs
  2 big kobolds
  5 bullfrogs
  A gnoll sergeant (D:6)
  A wyvern skeleton (D:9)
  A scorpion (D:10)
  4 killer bees (D:10)
  A vampire bat (D:4)
  2 howler monkeys
  4 crimson imps
  A bullfrog zombie (D:5)
  2 centaur zombies
  6 hounds
  A bullfrog skeleton (D:6)
  11 orc wizards
  3 orc priests (D:8)
  3 jellies (D:8)
  4 iguanas
  Terence (D:3)
  9 worker ants
  A hound zombie (D:10)
  4 hound skeletons
  A worker ant zombie (D:9)
  2 howler monkey skeletons
  6 adders
  4 gnolls (D:6)
  6 oozes
  An adder zombie (D:8)
  An adder skeleton (D:9)
  3 worms
  2 dart slugs
  3 fire bats (D:4)
  8 leopard geckos
  14 orcs
  2 spectral bats (D:4)
  3 bat skeletons (D:4)
  A bat zombie (D:4)
  12 giant cockroaches
  11 goblins
  7 hobgoblins
  8 jackals
  21 kobolds
  5 quokkas
  19 bats
  A bat simulacrum (D:4)
  2 frilled lizards
  A leopard gecko zombie (D:6)
  6 rats
252 creatures vanquished.

Vanquished Creatures (others)
  A crimson imp (D:11)
  6 plants
  7 spectral weapons
14 creatures vanquished.

Grand Total: 266 creatures vanquished

Notes
Turn   | Place    | Note
-------+----------+-------------------------------------------
     0 | D:1      | Iamsoldier the Gnoll Skald began the quest for the Orb.
     0 | D:1      | Reached XP level 1. HP: 20/20 MP: 6/6
    77 | D:1      | Reached XP level 2. HP: 26/26 MP: 3/7
   584 | D:1      | Reached XP level 3. HP: 27/31 MP: 9/9
   588 | D:1      | Learned a level 2 spell: Shroud of Golubria
   592 | D:1      | Learned a level 3 spell: Spectral Weapon
   596 | D:1      | Learned a level 3 spell: Regeneration
   653 | D:2      | Reached skill level 5 in Spellcasting
   668 | D:2      | Found an opulent altar of Gozag.
   728 | D:2      | Reached skill level 1 in Invocations
   826 | D:2      | Noticed Sigmund
   858 | D:2      | Killed Sigmund
   858 | D:2      | Reached skill level 1 in Short Blades
   858 | D:2      | Reached skill level 1 in Long Blades
   858 | D:2      | Reached skill level 1 in Axes
   858 | D:2      | Reached skill level 1 in Maces & Flails
   858 | D:2      | Reached skill level 1 in Staves
   858 | D:2      | Reached skill level 1 in Slings
   858 | D:2      | Reached skill level 1 in Bows
   858 | D:2      | Reached skill level 1 in Crossbows
   858 | D:2      | Reached skill level 1 in Throwing
   858 | D:2      | Reached skill level 1 in Stealth
   858 | D:2      | Reached skill level 1 in Shields
   858 | D:2      | Reached skill level 1 in Unarmed Combat
   858 | D:2      | Reached skill level 1 in Conjurations
   858 | D:2      | Reached skill level 1 in Hexes
   858 | D:2      | Reached skill level 1 in Summonings
   858 | D:2      | Reached skill level 1 in Necromancy
   858 | D:2      | Reached skill level 1 in Translocations
   858 | D:2      | Reached skill level 1 in Transmutations
   858 | D:2      | Reached skill level 1 in Fire Magic
   858 | D:2      | Reached skill level 1 in Ice Magic
   858 | D:2      | Reached skill level 1 in Air Magic
   858 | D:2      | Reached skill level 1 in Earth Magic
   858 | D:2      | Reached skill level 1 in Poison Magic
   858 | D:2      | Reached skill level 1 in Evocations
   858 | D:2      | Reached XP level 4. HP: 10/38 MP: 2/11
   858 | D:2      | Reached XP level 5. HP: 11/43 MP: 2/12
  1329 | D:2      | Found an iron altar of Okawaru.
  1337 | D:2      | Became a worshipper of Warmaster Okawaru
  1511 | D:3      | Found a bloodstained altar of Trog.
  1584 | D:3      | Noticed Purgy
  1585 | D:3      | Reached XP level 6. HP: 50/50 MP: 13/13
  1600 | D:3      | Killed Purgy
  1600 | D:3      | Reached skill level 5 in Fighting
  1600 | D:3      | Reached skill level 5 in Polearms
  1600 | D:3      | Reached skill level 5 in Dodging
  1865 | D:3      | Noticed Terence
  1884 | D:3      | Killed Terence
  2054 | D:3      | Found an iron altar of Okawaru.
  2055 | D:3      | You fall into a shaft and drop 1 floor!
  2387 | D:4      | Reached XP level 7. HP: 55/56 MP: 9/15
  3154 | D:5      | Entered Level 5 of the Dungeon
  3359 | D:5      | Reached * piety under Okawaru
  3359 | D:5      | Reached XP level 8. HP: 57/63 MP: 13/16
  3878 | D:6      | Found Jiodej's Weapon Shop.
  4144 | D:6      | Found a staircase to the Ecumenical Temple.
  4658 | D:6      | Reached ** piety under Okawaru
  5062 | D:7      | Found a white marble altar of Elyvilon.
  5123 | D:7      | Noticed a hippogriff
  5134 | D:7      | Killed a hippogriff
  5134 | D:7      | Reached XP level 9. HP: 63/69 MP: 9/18
  5258 | D:7      | Found a glowing silver altar of Zin.
  5332 | D:7      | Found a snail-covered altar of Cheibriados.
  5653 | D:8      | Noticed a two-headed ogre
  5963 | D:8      | Killed a two-headed ogre
  5963 | D:8      | Reached skill level 5 in Armour
  6170 | D:8      | Reached skill level 5 in Invocations
  6486 | D:8      | Reached *** piety under Okawaru
  6486 | D:8      | Reached XP level 10. HP: 68/77 MP: 14/20
  6502 | D:8      | Found the brooch of Shielding {Reflect SH+8}
  6843 | D:8      | Reached skill level 5 in Short Blades
  6843 | D:8      | Reached skill level 5 in Long Blades
  6843 | D:8      | Reached skill level 5 in Axes
  6843 | D:8      | Reached skill level 5 in Maces & Flails
  6843 | D:8      | Reached skill level 5 in Staves
  6843 | D:8      | Reached skill level 5 in Slings
  6843 | D:8      | Reached skill level 5 in Bows
  6843 | D:8      | Reached skill level 5 in Crossbows
  6843 | D:8      | Reached skill level 5 in Throwing
  6843 | D:8      | Reached skill level 5 in Stealth
  6843 | D:8      | Reached skill level 5 in Shields
  6843 | D:8      | Reached skill level 5 in Unarmed Combat
  6843 | D:8      | Reached skill level 5 in Evocations
  7249 | D:9      | Reached **** piety under Okawaru
  7306 | D:9      | Noticed a centaur warrior
  7323 | D:9      | Killed a centaur warrior
  7382 | D:9      | Received a gift from Okawaru
  7433 | D:9      | Found a shattered altar of Ashenzari.
  7499 | D:9      | Found a shimmering altar of Xom.
  7505 | D:9      | Found a blossoming altar of Fedhas.
  7690 | D:9      | You fall into a shaft and drop 2 floors!
  7692 | D:11     | Noticed a manticore
  7706 | D:11     | Noticed Snorg
  7708 | D:11     | Killed a manticore
  7727 | D:11     | HP: 3/79 [Snorg (14)]
  7741 | D:10     | Entered Level 10 of the Dungeon
  7985 | D:10     | Reached ***** piety under Okawaru
  7985 | D:10     | Reached XP level 11. HP: 65/84 MP: 19/22
  8124 | D:10     | Found a portal to a secret trove of treasure.
  8241 | D:10     | Learned a level 4 spell: Petrify
  8353 | D:10     | Found a staircase to the Lair.
  8620 | D:10     | Received a gift from Okawaru
  8692 | D:10     | HP: 3/84 [yak (15)]
  8695 | D:10     | Mangled by a yak

Levels and vault maps discovered:
D:1:      minmay_arrival_four_houses, layout_rooms,
          chequers_serial_rivers_small_a
D:2:      layout_basic, lemuel_round_altar, nicolae_overflow_crystal_walls,
          serial_curves, eino_curves_03, eino_curves_04, uniq_sigmund
D:3:      minmay_roachtagon, layout_rooms, lightli_temple_of_fire,
          grunt_decor_mini_mirrors, okawaru_trees_2, uniq_terence, uniq_purgy
D:4:      layout_cave_pools, first_ration, goddamned_bats
D:5:      layout_loops_ring, minmay_starry_boxes
D:6:      layout_gridville, minmay_temple_entry_trees, serial_shops, shop,
          minmay_misc_feat_rows
D:7:      layout_basic, kennysheep_mini, cheibriados_altar_1, elyvilon_altar_3
D:8:      layout_loops_ring, hangedman_little_slice_of_home, st_stairs_12
D:9:      layout_basic, ashenzari_altar_1, amethyst_overflow_temple_binary,
          minmay_shattered_shrine
D:10:     layout_basic, erik_lair_orcish_takeover, enter_trove_0
D:11:     layout_loops_cross, dk_vineyard_3, uniq_snorg

Skill      XL: |  1  2  3  4  5  6  7  8  9 10 11 |
---------------+----------------------------------+-----
Spellcasting   | 5 6 7 |  7.9
Invocations    | 1 2 3 4 5 6 |  6.5
Short Blades   | 1 2 3 4 5 6 |  6.0
Long Blades    | 1 2 3 4 5 6 |  6.0
Axes           | 1 2 3 4 5 6 |  6.0
Maces & Flails | 1 2 3 4 5 6 |  6.0
Staves         | 1 2 3 4 5 6 |  6.0
Slings         | 1 2 3 4 5 6 |  6.0
Bows           | 1 2 3 4 5 6 |  6.0
Crossbows      | 1 2 3 4 5 6 |  6.0
Throwing       | 1 2 3 4 5 6 |  6.0
Armour         | 3 4 5 6 |  6.6
Stealth        | 1 2 3 4 5 6 |  6.0
Shields        | 1 2 3 4 5 6 |  6.0
Unarmed Combat | 1 2 3 4 5 6 |  6.0
Conjurations   | 1 2 3 4 |  4.9
Hexes          | 1 2 3 4 |  4.9
Summonings     | 1 2 3 4 |  4.9
Necromancy     | 1 2 3 4 |  4.9
Translocations | 1 2 3 4 |  4.9
Transmutations | 1 2 3 4 |  4.9
Fire Magic     | 1 2 3 4 |  4.9
Ice Magic      | 1 2 3 4 |  4.9
Air Magic      | 1 2 3 4 |  4.9
Earth Magic    | 1 2 3 4 |  4.9
Poison Magic   | 1 2 3 4 |  4.9
Evocations     | 1 2 3 4 5 6 |  6.0
Fighting       | 5 6 7 |  7.6
Polearms       | 5 6 7 |  7.6
Dodging        | 5 6 7 |  7.6
Charms         | 6 7 |  7.5

Action                   |  1- 3 |  4- 6 |  7- 9 | 10-12 || total
-------------------------+-------+-------+-------+-------++-------
Melee: Spear             |   102 |   112 |    43 |       ||   257
       Bite              |     6 |    14 |    35 |    17 ||    72
       Punch             |       |     1 |     5 |     4 ||    10
       Morningstar       |       |    19 |   236 |   205 ||   460
 Cast: Infusion          |     9 |     4 |     2 |       ||    15
       Spectral Weapon   |     1 |     4 |    24 |    27 ||    56
       Shroud of Golubri |     1 |     2 |     6 |     8 ||    17
       Regeneration      |       |       |     4 |     7 ||    11
Invok: Heroism           |       |       |       |     1 ||     1
  Use: Potion            |     1 |       |       |     3 ||     4
       Scroll            |       |     2 |     7 |     3 ||    12
 Stab: Sleeping          |       |     2 |     3 |     1 ||     6
       Distracted        |       |       |     2 |     3 ||     5
  Eat: Chunk             |       |     5 |    11 |     7 ||    23
       Ration            |       |       |     1 |       ||     1
Armor: Leather armour    |    11 |    25 |   118 |    45 ||   199
Dodge: Dodged            |    37 |    81 |   464 |   268 ||   850
Block: Other             |       |       |       |   119 ||   119
       Reflection        |       |       |       |     2 ||     2
